[Event "Team 45 45 League T37"]
[Site "Internet Chess Club"]
[Date "2008.05.29"]
[Round "6"]
[White "pestka"]
[Black "Checkmates"]
[Result "1/2-1/2"]
[WhiteElo "2239"]
[BlackElo "2481"]
[Opening "King's Indian: Andersson variation"]
[ECO "E92"]
[Time "02:36:12"]
[TimeControl "2700+45"]

1. d4 Nf6 2. c4 g6 3. Nc3 Bg7 4. e4 d6 5. Be2 O-O 6. Nf3 e5 7. dxe5 dxe5 8. Qxd8
Rxd8 9. Bg5 Re8 10. Nd5 Nxd5 11. cxd5 c6 12. Bc4 cxd5 13. Bxd5 Nd7 14. Nd2 Nc5
15. Ke2 Ne6 16. Bxe6 Bxe6 17. Rhc1 Rac8 18. b3 Rxc1 19. Rxc1 Rc8 20. Rxc8+ Bxc8
21. Be3 b6 22. a4 Ba6+ 23. Nc4 Kf8 24. Kd3 Ke7 25. a5 bxa5 26. Bxa7 Bb5 27. Bb6
a4 28. bxa4 Bxa4 29. Ne3 Bb5+ 30. Kd2 Ke6 31. Bc5 Bc6 32. f3 f5 33. exf5+ gxf5
34. Ke2 Ba4 35. g3 Bf6 36. Bb4 Bd8 37. Bc5 Ba5 38. Kf2 Bb3 39. Ke2 Ba4 40. Kf2
Bb5 41. Ba7 Bc7 42. Bc5 Bd3 43. Kg2 Bb5 44. Kf2 Bc6 45. Kg2 Bd7 46. Kf2 Be8 47.
Kg2 Bf7 48. Kf2 Bg6 49. Kg2 Be8 50. Kf2 Bd7 51. Kg2 Bc8 52. Kf2 Bb7 53. Kg2 Ba8
54. Kf2 Bb7 55. Kg2 Ba6 56. Kf2 Bb8 57. Kg2 Bb5 58. Kf2 Ba4 59. Ke2 Bb3 60. Kf2
Ba2 61. Kg2 Bb1 62. Kf2 Bd3 63. Kg2 Bb1 64. Kf2 Ba2 65. Kg2 Bb3 66. Kf2 Ba4 67.
Kg2 Bc7 68. Kf2 Bb3 69. Kg2 Ba2 70. Kf2 Bb1 71. Ke2 Ba2 72. Kf2 Bb3 73. Ke2 Kf6
74. Kf2 Ba2 75. Kg2 Be6 76. Kf2 Bf7 77. Kg2 Bg8 78. Kf2 Bf7 79. Kg2 Bb3 80. Kf2
Ba2 81. Kg2 Kg6 82. Kf2 Be6 83. Kg2 h6 84. Kf2 Bf7 85. Kg2 Bg8 86. Kf2 Bb3 87.
Kg2 Ba2 88. Kf2 Kf6 89. Kg2 Bb8 90. Kf2 Bb3 91. Kg2 Be6 92. Kf2 Bf7 93. Kg2 Bg8
94. Kf2 Be6 95. Kg2 Bc7 96. Kf2 Ba5 97. Kg2 Bf7 98. Kf2 Bg8 99. Kg2 Bb3 100. Kf2
Ba2 101. Kg2 Bc3 102. f4 exf4 103. gxf4 Kg6 104. Kf2 Bb1 105. Kf3 Be4+ 106. Kf2
Kh5 107. Bf8 Kg6 108. Bc5 Bg7 109. Kg3 Bc3 110. Kf2 Ba5 111. Bd4 Kh5 112. Bg7
Bb6 113. Ke2 Ba7 114. Bf6 Kg6 115. Bc3 Bb6 116. Kf2 Bd8 117. Kg3 Kh5 118. h3
Bh4+ 119. Kh2 Bd3 120. Kg2 Kg6 121. Bd4 Kf7 122. Bc3 Ke6 123. Bg7 h5 124. Bc3
Be7 125. Kg3 Bc5 126. Bd2 Be7 127. Bc3 Bd8 128. Bd4 Be2 129. Kf2 Ba6 130. Kg3
Bb7 131. h4 Ba6 132. Bc3 Bd3 133. Bb4 Bf6 134. Ba5 Be7 135. Bc3 Bc5 136. Kf2 Be4
137. Bd2 Bd4 138. Bb4 Kd7 139. Bd2 Kc6 140. Bb4 Kb5 141. Bd2 Ka4 142. Be1 Kb3
143. Bd2 Kb2 144. Be1 Kc1 145. Bb4 Kb2 146. Be1 Kb3 147. Bd2 Bb2 148. Be1 Bc1
149. Ke2 Ba3 150. Nf1 Be7 151. Ng3 Bxh4 152. Nxe4 Bxe1 153. Nd6 Bg3 154. Kf3 h4
155. Nxf5 Bxf4 156. Kxf4 h3 157. Kg3 h2 158. Kxh2 {Game drawn because neither
player has mating material} 1/2-1/2

[Event "Team 45 45 League T37"]
[Site "Internet Chess Club"]
[Date "2008.06.02"]
[Round "6"]
[White "DTK"]
[Black "killer21"]
[Result "1/2-1/2"]
[WhiteElo "2161"]
[BlackElo "2231"]
[Opening "Sicilian"]
[ECO "B50"]
[Time "13:00:26"]
[TimeControl "2700+45"]

1. e4 c5 2. Nf3 d6 3. c3 Nf6 4. Bd3 e6 5. Bc2 Be7 6. d4 Qc7 7. O-O e5 8. dxc5
dxc5 9. h3 O-O 10. Nbd2 Rd8 11. Re1 b6 12. Qe2 Ba6 13. Nc4 Nbd7 14. a4 h6 15.
Bd3 Bb7 16. Nh4 Nf8 17. Nf5 Ng6 18. g3 Bc6 19. f4 exf4 20. gxf4 Bf8 21. e5 Nd5
22. Rf1 Qd7 23. Bc2 Nc7 24. Be4 Rab8 25. Bxc6 Qxc6 26. Be3 Qe6 27. Nxh6+ gxh6
28. f5 Qc6 29. fxg6 fxg6 30. Rf6 Qe4 31. Raf1 Nd5 32. R6f3 Be7 33. Nd6 Bxd6 34.
exd6 g5 35. Qg2 Qg6 36. Bxg5 hxg5 37. Rf5 Rxd6 38. Rxg5 Kh7 39. Kh1 Qh6 40. Rf7+
Kh8 41. Rh5 Rg8 42. Rxh6+ Rxh6 43. Qf3 a5 44. Rf8 Ne7 45. Rxg8+ Kxg8 46. Kh2 Kg7
47. Qg3+ Kf7 48. Qc7 Re6 49. Qf4+ Rf6 50. Qd2 Re6 51. b4 cxb4 52. cxb4 axb4 53.
Qxb4 Nf5 54. Qb5 Kf6 55. Kg2 Kg6 56. Qd7 Kf6 57. Qd8+ Ke5 58. h4 Rh6 59. h5 Kf4
60. Qd2+ Kg4 61. a5 bxa5 62. Qxa5 {Game drawn by mutual agreement} 1/2-1/2

[Event "Team 45 45 League T37"]
[Site "Internet Chess Club"]
[Date "2008.06.01"]
[Round "6"]
[White "gezira"]
[Black "jorobo"]
[Result "1-0"]
[WhiteElo "2228"]
[BlackElo "2089"]
[Opening "Pirc defense"]
[ECO "B07"]
[Time "15:00:39"]
[TimeControl "2700+45"]

1. e4 d6 2. d4 Nf6 3. f3 g6 4. Nc3 c6 5. Be3 b5 6. a3 Nbd7 7. Qd2 Nb6 8. d5 cxd5
9. Bxb5+ Bd7 10. Bxd7+ Qxd7 11. Bxb6 axb6 12. exd5 Bg7 13. Nge2 O-O 14. O-O Rfc8
15. Rad1 Rc5 16. a4 Rac8 17. Rfe1 Qb7 18. Qd3 Nd7 19. Nd4 Ne5 20. Qe2 Bf6 21.
Ne4 Rxd5 22. Nxf6+ exf6 23. f4 Nc6 24. Qf3 Rc5 25. b4 Rc4 26. Nb5 Qb8 27. c3 d5
28. Qxd5 Rxf4 29. Nd6 {Black resigns} 1-0

[Event "Team 45 45 League T37"]
[Site "Internet Chess Club"]
[Date "2008.05.29"]
[Round "6"]
[White "Ser-Enigma"]
[Black "andreip"]
[Result "1/2-1/2"]
[WhiteElo "2128"]
[BlackElo "2067"]
[Opening "Sicilian: Canal-Sokolsky attack, Sokolsky variation"]
[ECO "B52"]
[Time "15:08:53"]
[TimeControl "2700+45"]

1. e4 c5 2. Nf3 d6 3. Bb5+ Bd7 4. Bxd7+ Qxd7 5. c4 Nc6 6. Nc3 g6 7. d4 cxd4 8.
Nxd4 Bg7 9. Be3 Nf6 10. f3 O-O 11. Qd2 a6 12. Rc1 Rab8 13. O-O Rfc8 14. b3 Nxd4
15. Bxd4 b5 16. cxb5 axb5 17. Bxf6 Bxf6 18. Nd5 Bg7 19. Kh1 Qb7 20. Qg5 Kf8 21.
h4 Qa7 22. h5 e6 23. Nb4 Rc5 24. Rxc5 Qxc5 25. Qxc5 dxc5 26. Na6 Rc8 27. Rc1 c4
28. hxg6 hxg6 29. bxc4 bxc4 30. Kg1 c3 31. Kf1 Ra8 32. Nb4 Ra4 33. Nd3 Rxa2 34.
e5 Ra3 35. Rc2 Bh6 36. f4 g5 37. g3 Kg7 38. Ke2 Kg6 39. Kf3 gxf4 40. g4 Bg5 41.
Nc5 Be7 42. Nd3 Bd8 43. Nxf4+ Kg5 44. Ne2 Ba5 45. Ng3 Ra1 46. Ne4+ Kg6 47. Kg2
Ra4 48. Kf3 Bc7 49. Rxc3 Bxe5 50. Rb3 Ra1 51. Nd2 Rc1 52. Re3 Rc3 53. Rxc3 Bxc3
54. Ne4 Bb2 55. Nd6 Bc1 56. Ne4 Bg5 57. Nd6 Be7 58. Ne4 {Game drawn by mutual
agreement} 1/2-1/2

[Event "Team 45 45 League T37"]
[Site "Internet Chess Club"]
[Date "2008.05.31"]
[Round "6"]
[White "Gail"]
[Black "Miles295"]
[Result "1-0"]
[WhiteElo "2436"]
[BlackElo "2159"]
[Opening "English opening"]
[ECO "A05"]
[Time "15:52:58"]
[TimeControl "2700+45"]

1. Nf3 Nf6 2. c4 g6 3. Nc3 d5 4. Qa4+ Bd7 5. Qb3 Bc6 6. e3 Bg7 7. Ne5 O-O 8. d4
a5 9. cxd5 a4 10. Nxc6 axb3 11. Nxd8 Rxd8 12. Bc4 bxa2 13. Rxa2 Rxa2 14. Bxa2
Na6 15. e4 Nb4 16. Bb1 Nd7 17. Be3 Nb6 18. Ke2 Nc4 19. Na2 Nxa2 20. Bxa2 Nxb2
21. Bb3 b5 22. Rc1 Ra8 23. Rxc7 Ra3 24. Rc8+ Bf8 25. Bh6 {Black resigns} 1-0

[Event "Team 45 45 League T37"]
[Site "Internet Chess Club"]
[Date "2008.06.01"]
[Round "6"]
[White "Petrozjan"]
[Black "nissehult"]
[Result "1/2-1/2"]
[WhiteElo "2033"]
[BlackElo "2046"]
[Opening "Queen's pawn game, Darooha variation "]
[ECO "D11"]
[Time "16:02:12"]
[TimeControl "2700+45"]

1. d4 Nf6 2. Nf3 d5 3. c4 c6 4. Qc2 e6 5. g3 Bb4+ 6. Nbd2 O-O 7. Bg2 Nbd7 8. O-O
Re8 9. b3 e5 10. dxe5 Nxe5 11. Bb2 Ng6 12. e3 h5 13. cxd5 cxd5 14. h4 Bg4 15.
Qd3 Qe7 16. Rac1 Ne4 17. Qd4 Nf6 {Game drawn by mutual agreement} 1/2-1/2

[Event "Team 45 45 League T37"]
[Site "Internet Chess Club"]
[Date "2008.06.02"]
[Round "6"]
[White "Elddir"]
[Black "Despair"]
[Result "1-0"]
[WhiteElo "2007"]
[BlackElo "1960"]
[Opening "Queen's pawn: English defense"]
[ECO "A40"]
[Time "20:00:33"]
[TimeControl "2700+45"]

1. d4 b6 2. e4 Bb7 3. Nd2 g6 4. Ngf3 Bg7 5. Bd3 d5 6. O-O dxe4 7. Bxe4 Bxe4 8.
Nxe4 Nd7 9. Qe2 Ngf6 10. Bg5 O-O 11. Rad1 Nxe4 12. Qxe4 Nf6 13. Bxf6 Bxf6 14.
Ne5 Bxe5 15. dxe5 Qc8 16. Rd3 Rd8 17. Rfd1 Rxd3 18. Rxd3 c6 19. h4 h5 20. Rc3 c5
21. b4 Rb8 22. Qd5 Qe6 23. Qxe6 fxe6 24. bxc5 Rc8 25. cxb6 {Black resigns} 1-0

[Event "Team 45 45 League T37"]
[Site "Internet Chess Club"]
[Date "2008.05.30"]
[Round "6"]
[White "JustinSane"]
[Black "kingcapture"]
[Result "0-1"]
[WhiteElo "2136"]
[BlackElo "2240"]
[Opening "Nimzovich-Larsen attack: modern variation"]
[ECO "A01"]
[Time "16:57:58"]
[TimeControl "2700+45"]

1. b3 e5 2. Bb2 d6 3. g3 g6 4. Bg2 c6 5. c4 Bg7 6. e3 f5 7. Ne2 Nf6 8. O-O O-O
9. c5 Re8 10. cxd6 Qxd6 11. Na3 Nd5 12. Nc4 Qe6 13. d3 a5 14. e4 Nc7 15. f4 exf4
16. Bxg7 Kxg7 17. Nxf4 Qe7 18. Nb6 Qc5+ 19. Kh1 Qxb6 20. exf5 Bxf5 21. Nh5+ Kh8
22. Qd2 Qd4 23. g4 gxh5 24. gxf5 Nd7 25. Qh6 Qg7 26. Qxh5 Nf6 27. Qh4 Ncd5 28.
Bxd5 cxd5 29. Rg1 Qf7 30. Rg6 Ra6 31. Rag1 d4 32. R1g2 Rc6 33. h3 Rc1+ 34. Kh2
Qc7+ 35. R6g3 Rc6 36. Qxd4 Rg8 37. h4 Rg4 {White resigns} 0-1

[Event "Team 45 45 League T37"]
[Site "Internet Chess Club"]
[Date "2008.05.31"]
[Round "6"]
[White "izit"]
[Black "nardz"]
[Result "1-0"]
[WhiteElo "2227"]
[BlackElo "2137"]
[Opening "Sicilian: Najdorf, Byrne (English) attack"]
[ECO "B90"]
[Time "10:01:05"]
[TimeControl "2700+45"]

1. e4 c5 2. Nf3 d6 3. d4 cxd4 4. Nxd4 Nf6 5. Nc3 a6 6. Be3 e6 7. f3 b5 8. Qd2
Bb7 9. O-O-O Nbd7 10. g4 h6 11. h4 b4 12. Na4 Qa5 13. b3 Nc5 14. a3 Nxa4 15.
axb4 Qc7 16. bxa4 d5 17. e5 Nd7 18. f4 Nb6 19. f5 Nxa4 20. fxe6 Nc3 21. exf7+
Kxf7 22. Bd3 Bxb4 23. Qf2+ Kg8 24. Rdf1 Rf8 25. Qxf8+ Bxf8 26. Rxf8+ Kxf8 27.
Ne6+ Ke7 28. Nxc7 d4 29. Bxd4 Bxh1 30. Bxc3 Bf3 31. Bf5 g6 32. Bxg6 Bxg4 33. e6
Rb8 34. Be5 Rd8 35. Bf7 Rd1+ 36. Kb2 Rd2 37. Bf4 Re2 38. Bxh6 Bxe6 39. Bxe6 Re4
40. Bd5 Rd4 41. Kc3 Ra4 42. Bc4 Kd6 43. Nxa6 {Black resigns} 1-0

[Event "Team 45 45 League T37"]
[Site "Internet Chess Club"]
[Date "2008.05.30"]
[Round "6"]
[White "NFork"]
[Black "LeSacAttack"]
[Result "0-1"]
[WhiteElo "2303"]
[BlackElo "2273"]
[Opening "English: Carls' Bremen system"]
[ECO "A22"]
[Time "14:06:04"]
[TimeControl "2700+45"]

1. c4 e5 2. Nc3 Nf6 3. g3 h5 4. Nf3 Nc6 5. Bg2 Bc5 6. e3 e4 7. Ng5 h4 8. Ncxe4
Nxe4 9. Nxe4 h3 10. Bxh3 Bxe3 11. dxe3 Rxh3 12. Nc3 d6 13. e4 Be6 14. Nd5 Qd7
15. b3 Ne5 16. f3 O-O-O 17. Kf2 Rdh8 18. Kg2 c6 19. Nf4 g5 20. Nxe6 fxe6 21. Bb2
Qh7 22. Qg1 Qg7 23. Rb1 g4 24. Bxe5 Qxe5 25. Rf1 gxf3+ 26. Rxf3 Qxe4 27. Qe3
Qc2+ 28. Rf2 Qg6 29. Re2 e5 30. c5 Qh5 31. Kf1 Qf7+ 32. Rf2 Qd5 33. Kg1 dxc5 34.
Rf3 Qd1+ 35. Rf1 Qd5 36. Rf3 Qd1+ 37. Rf1 Qd4 38. Re1 Kd7 39. Kg2 Ke6 40. Re2
Qd5+ 41. Qe4 b6 42. Kf3 Qxe4+ 43. Kxe4 Rxg3 44. hxg3 Rxh1 45. Rd2 Rg1 46. Kf3 a6
47. Kg4 b5 48. Rc2 Kd5 49. Rd2+ Ke6 50. Rc2 Kd5 51. Rd2+ Ke4 52. Rd6 Ra1 53.
Rxc6 Rxa2 54. Rxc5 Rb2 55. Rc6 a5 56. Ra6 Rxb3 57. Rxa5 b4 58. Rb5 Kd4 59. Kf5
e4 60. g4 Rf3+ 61. Ke6 Kc3 62. g5 b3 63. g6 b2 64. Rb8 Rf1 65. g7 Rg1 66. Rc8+
Kd3 67. Rd8+ Ke2 68. Rb8 Rxg7 69. Ke5 e3 70. Kf4 Kf2 71. Rxb2+ e2 72. Ke4 Kf1
{White resigns} 0-1

[Event "Team 45 45 League T37"]
[Site "Internet Chess Club"]
[Date "2008.06.03"]
[Round "6"]
[White "therealwizard"]
[Black "eurander"]
[Result "1-0"]
[WhiteElo "2153"]
[BlackElo "2143"]
[Opening "QGD Slav: Dutch variation, main line"]
[ECO "D19"]
[Time "15:00:21"]
[TimeControl "2700+45"]

1. d4 d5 2. Nf3 Nf6 3. c4 c6 4. Nc3 dxc4 5. a4 Bf5 6. e3 e6 7. Bxc4 Bb4 8. O-O
O-O 9. Qe2 Nbd7 10. e4 Bg6 11. e5 Nd5 12. Ne4 h6 13. Bd2 Be7 14. a5 c5 15. Nc3
cxd4 16. Nxd4 Nc5 17. Rfd1 Nxc3 18. Bxc3 Qc8 19. Rac1 Rd8 20. b4 Na6 21. Bxa6
bxa6 22. Bd2 Qb7 23. Nc6 Rd5 24. Be3 Rxd1+ 25. Qxd1 Bf8 26. Qd4 Rc8 27. Qxa7
Qxa7 28. Bxa7 Kh7 29. Be3 Be4 30. b5 axb5 31. Nd4 Rxc1+ 32. Bxc1 b4 33. a6 Bc5
34. Nb3 Bb6 35. Be3 Bxe3 36. fxe3 Kg6 37. Nc5 Ba8 38. e4 f5 39. exf6 Kxf6 40.
Kf2 Ke5 41. Ke3 Kd6 42. Kd4 e5+ 43. Kc4 b3 44. Nb7+ Kc6 45. Kxb3 Kb5 46. Kc3
Kxa6 47. Nd6 Kb6 48. Kd3 Kc5 49. Nf7 Bc6 50. Nxe5 Bb5+ 51. Ke3 Be8 52. Kf4 Kd4
53. h4 Kc5 54. g4 Kd6 55. h5 Ke6 56. Nf3 Kf6 57. e5+ Kf7 58. Nh4 Bc6 59. Nf5 Bd7
60. Nd4 Ke7 61. g5 hxg5+ 62. Kxg5 Ba4 63. Kf5 Bd1 64. Kg6 Bg4 65. Nf5+ Ke6 66.
Nxg7+ Kxe5 67. h6 Bd1 68. Kf7 Bc2 69. Ne6 Bb1 70. Nf8 {Black resigns} 1-0

[Event "Team 45 45 League T37"]
[Site "Internet Chess Club"]
[Date "2008.05.31"]
[Round "6"]
[White "gyoung"]
[Black "Kolibri"]
[Result "1-0"]
[WhiteElo "2246"]
[BlackElo "2029"]
[Opening "Sicilian: Kan, Maróczy bind (Réti variation)"]
[ECO "B41"]
[Time "11:00:11"]
[TimeControl "2700+45"]

1. e4 c5 2. Nf3 e6 3. d4 cxd4 4. Nxd4 a6 5. c4 Nc6 6. Nc2 Nf6 7. Nc3 d6 8. Be3
Be7 9. Be2 O-O 10. O-O Qc7 11. Rc1 b6 12. Na3 Qb8 13. f4 Re8 14. Bf3 e5 15. f5
Nd7 16. Nd5 Bd8 17. g4 Ne7 18. Nc3 Nc6 19. Qd2 Nd4 20. Bg2 b5 21. cxb5 axb5 22.
Bxd4 b4 23. Bf2 bxc3 24. Qxc3 Ba5 25. Qg3 Bd2 26. Rc2 Bf4 27. Qf3 Nc5 28. Rd1
Ra4 29. Nc4 Rxc4 30. Rxc4 Qxb2 31. Rxd6 Ba6 32. Rxc5 Be2 33. Qc3 Qb1+ 34. Qe1
Qxa2 35. Rcd5 Bg5 36. Rd2 {Black resigns} 1-0

[Event "Team 45 45 League T37"]
[Site "Internet Chess Club"]
[Date "2008.06.01"]
[Round "6"]
[White "Monsoon-Smith"]
[Black "noHz"]
[Result "1-0"]
[WhiteElo "2115"]
[BlackElo "2147"]
[Opening "QGD Slav: 4.Nc3"]
[ECO "D15"]
[Time "12:05:15"]
[TimeControl "2700+45"]

1. d4 d5 2. c4 c6 3. Nc3 Nf6 4. Nf3 a6 5. c5 b6 6. cxb6 Qxb6 7. g3 Bf5 8. Bg2 e6
9. Nh4 Bg4 10. O-O Nbd7 11. h3 Bh5 12. g4 Bg6 13. Nxg6 hxg6 14. Bf4 Qxb2 15. Qd3
Qa3 16. Rab1 Be7 17. Qg3 Rc8 18. Rb3 Qa5 19. Bd6 c5 20. Bxe7 Kxe7 21. g5 Nh5 22.
Qe3 cxd4 23. Qxd4 Qc5 24. Qd2 Rhd8 25. e3 Nb6 26. Qe2 Nc4 27. Rfb1 Rd7 28. Na4
Qd6 29. Nb6 Nxb6 30. Rxb6 Qe5 31. Qxa6 Rcc7 32. Qa3+ Ke8 33. Rb8+ Rd8 34. Rxd8+
Kxd8 35. Qf8+ Kd7 36. Qxf7+ Kd6 37. Rb6+ Rc6 38. Qf8+ Kd7 39. Qf7+ Kd6 40. Rxc6+
Kxc6 41. Qxg6 {Black resigns} 1-0

[Event "Team 45 45 League T37"]
[Site "Internet Chess Club"]
[Date "2008.06.07"]
[Round "6"]
[White "palito"]
[Black "fledermaus"]
[Result "1-0"]
[WhiteElo "2137"]
[BlackElo "1982"]
[Opening "English opening"]
[ECO "A13"]
[Time "08:13:26"]
[TimeControl "2700+45"]

1. c4 e6 2. g3 d5 3. Bg2 Nf6 4. Nf3 c6 5. O-O dxc4 6. Qc2 Bd6 7. Qxc4 e5 8. d4
Nbd7 9. Rd1 Qe7 10. Nxe5 Bxe5 11. dxe5 Nxe5 12. Qd4 Bf5 13. Bf4 Nfd7 14. Nc3 O-O
15. Ne4 Bxe4 16. Qxe4 f6 17. Bh3 Nb6 18. Be3 Rfe8 19. b4 Nec4 20. Qxe7 Rxe7 21.
Bc5 Rxe2 22. Bf1 Ree8 23. Rac1 Ne5 24. f4 Ned7 25. Bd6 Nd5 26. Bc4 Nb6 27. Bb3
Rad8 28. Bc5 g6 29. b5 Kg7 30. bxc6 bxc6 31. Bxb6 Nxb6 32. Rxd8 Rxd8 33. Rxc6
Rd7 34. Re6 Nc8 35. Re8 Ne7 36. Ra8 g5 37. f5 Nxf5 38. Be6 Rd1+ 39. Kf2 Nd4 40.
Rxa7+ Kg6 41. Bf7+ Kf5 42. h3 Rd3 43. Ra5+ Nb5 44. Rxb5+ Ke4 45. Rb4+ Ke5 46.
Bb3 Rd2+ 47. Kf3 Rd3+ 48. Kf2 Rd2+ 49. Kg1 Rd3 50. Rb5+ Kd6 51. Kf2 Rd2+ 52. Kf3
Rd3+ 53. Kg4 h5+ 54. Kxh5 Rxg3 55. Kg6 Rxh3 56. Kxf6 g4 57. Rd5+ Kc6 58. Rg5 g3
59. Bd5+ Kb6 60. Kf5 Kc5 61. Bg2 Rh2 62. Rxg3 Kb4 63. Bd5 Rh5+ 64. Rg5 Rh2 65.
Bb3 Re2 66. Rg4+ Ka5 67. Re4 Rh2 68. Ke5 Rh5+ 69. Kd4 Rh8 70. Kc3 Rh3+ 71. Kb2
Rh5 72. Ka3 Rg5 73. Re8 Rh5 74. Rd8 Rh4 75. Rd5+ Kb6 76. Rg5 Rf4 77. Kb2 Rf2+
78. Bc2 Rf3 79. a4 Rh3 80. Bb3 Rh2+ 81. Ka3 Rh4 82. Kb2 Rh3 83. Bc4 Re3 84. Rd5
Rg3 85. Rd3 Rg4 86. Kb3 Rg1 87. Kb4 Rb1+ 88. Bb3 Rh1 89. Rd6+ Ka7 90. a5 Rh4+
91. Bc4 Rh7 92. Bb5 Kb8 93. Rd7 Rh4+ 94. Kc5 Rh8 95. a6 {Black resigns} 1-0

[Event "Team 45 45 League T37"]
[Site "Internet Chess Club"]
[Date "2008.06.01"]
[Round "6"]
[White "Holzschlange"]
[Black "chiiwen"]
[Result "0-1"]
[WhiteElo "1913"]
[BlackElo "2063"]
[Opening "Bird's opening"]
[ECO "A03"]
[Time "10:01:46"]
[TimeControl "2700+45"]

1. f4 d5 2. b3 Nf6 3. Bb2 e6 4. e3 c5 5. Nf3 Bd6 6. Bd3 b6 7. Bb5+ Bd7 8. Bd3
Bc6 9. O-O Nbd7 10. a4 a6 11. Qe2 Bb7 12. Nc3 O-O 13. Nd1 Ne4 14. Nf2 f5 15. c4
Be7 16. Bc2 Bf6 17. Bxf6 Qxf6 18. d3 Nxf2 19. Qxf2 a5 20. Nd2 Rae8 21. e4 d4 22.
e5 Qe7 23. Bd1 Kh8 24. Bf3 Bxf3 25. Nxf3 h6 26. Rae1 Rg8 27. h4 g6 28. g3 Nf8
29. Nd2 Nh7 30. Nb1 Rg7 31. Na3 Reg8 32. Qh2 g5 33. hxg5 hxg5 34. Rf2 gxf4 35.
Rxf4 Rxg3+ 36. Kf2 Qg5 {White resigns} 0-1

[Event "Team 45 45 League T37"]
[Site "Internet Chess Club"]
[Date "2008.06.02"]
[Round "6"]
[White "cityprosecutor"]
[Black "nanning"]
[Result "0-1"]
[WhiteElo "1740"]
[BlackElo "1607"]
[Opening "Four knights: Belgrade gambit"]
[ECO "C47"]
[Time "14:56:46"]
[TimeControl "2700+45"]

1. e4 e5 2. Nf3 Nc6 3. Nc3 Nf6 4. d4 exd4 5. Nd5 Bc5 6. Bg5 h6 7. Bxf6 gxf6 8.
Qd2 d3 9. Bxd3 Ne5 10. Be2 c6 11. Nf4 Qb6 12. O-O d6 13. Nh5 Nxf3+ 14. Bxf3 Bd4
15. c3 Be5 16. Ng7+ Ke7 17. Bh5 Bd7 18. Kh1 Rag8 19. Nf5+ Bxf5 20. exf5 d5 21.
Rae1 Kf8 22. Qe2 Qc7 23. f4 Bd6 24. Rf3 Kg7 25. Re3 Qd7 26. Qd3 Re8 27. Rg3+ Kf8
28. Rf1 Re4 29. Bg4 Rxf4 30. Rxf4 Bxf4 31. Rf3 Be5 32. Rh3 Ke7 33. Qe3 d4 34.
Qe2 d3 35. Rg3 dxe2 {White resigns} 0-1

[Event "Team 45 45 League T37"]
[Site "Internet Chess Club"]
[Date "2008.05.31"]
[Round "6"]
[White "SATELLITE-DAN"]
[Black "mickeys"]
[Result "1-0"]
[WhiteElo "1650"]
[BlackElo "1807"]
[Opening "French: exchange variation"]
[ECO "C01"]
[Time "18:00:03"]
[TimeControl "2700+45"]

1. e4 e6 2. d4 d5 3. exd5 exd5 4. Nf3 Bg4 5. Bb5+ c6 6. Be2 Nf6 7. Bg5 Qa5+ 8.
c3 Ne4 9. O-O Bxf3 10. Bxf3 Nxg5 11. Re1+ Kd8 12. Nd2 Bd6 13. b4 Qc7 14. g3 f5
15. Bg2 Ne4 16. Nxe4 fxe4 17. Qh5 Nd7 18. Bh3 Nf6 19. Qg5 Qf7 20. c4 Bxb4 21.
Re2 Bc3 22. Rc1 Bxd4 23. cxd5 cxd5 24. Rec2 Bb6 25. Rc8+ Rxc8 26. Rxc8+ Ke7 27.
Qe5+ {Black resigns} 1-0

[Event "Team 45 45 League T37"]
[Site "Internet Chess Club"]
[Date "2008.05.30"]
[Round "6"]
[White "ChessChamp"]
[Black "ZiggyStardust"]
[Result "0-1"]
[WhiteElo "1569"]
[BlackElo "1588"]
[Opening "Scotch gambit: Anderssen (Paulsen, Suhle) counter-attack"]
[ECO "C44"]
[Time "10:03:36"]
[TimeControl "2700+45"]

1. e4 e5 2. Nf3 Nc6 3. d4 exd4 4. Bc4 Bc5 5. O-O d6 6. c3 Bg4 7. Bxf7+ Kxf7 8.
Ng5+ Qxg5 9. Qb3+ Be6 10. Qxe6+ Kxe6 11. Bxg5 h6 12. Bd2 Nf6 13. a4 a5 14. Re1
Rae8 15. Na3 Kd7 16. f3 dxc3+ 17. Kh1 cxb2 18. Ra2 Bxa3 19. Rxa3 Ne5 20. Rb1
Rhf8 21. Rb3 Nc4 22. Bc3 d5 23. Rd1 Kc8 24. exd5 Re3 25. Rd4 Rxc3 26. Rxc4 Rc1+
{White resigns} 0-1

[Event "Team 45 45 League T37"]
[Site "Internet Chess Club"]
[Date "2008.06.01"]
[Round "6"]
[White "RealChosenOne"]
[Black "theartist"]
[Result "1-0"]
[WhiteElo "1635"]
[BlackElo "1188"]
[Opening "French: advance, Paulsen attack"]
[ECO "C02"]
[Time "12:31:38"]
[TimeControl "2700+45"]

1. e4 e6 2. d4 d5 3. e5 c5 4. c3 Nc6 5. Nf3 Qb6 6. a3 c4 7. Nbd2 Na5 8. Be2 Bd7
9. O-O O-O-O 10. Rb1 Nb3 11. Nxb3 Ba4 12. Qd2 Bxb3 13. Ng5 Rd7 14. Qf4 Nh6 15.
Bh5 Qc7 16. Bd1 Qb6 17. Bxb3 Qxb3 18. Ra1 a5 19. a4 Nf5 20. g4 Nh6 21. h3 Kd8
22. Qg3 g6 23. f4 Be7 24. Nf3 f5 25. exf6 Bxf6 26. f5 Ke7 27. fxe6 Rd6 28. g5
Nf5 29. gxf6+ Kxf6 30. Qe5+ {Black resigns} 1-0

[Event "Team 45 45 League T37"]
[Site "Internet Chess Club"]
[Date "2008.05.31"]
[Round "6"]
[White "kingphisch"]
[Black "Just-Jim"]
[Result "1-0"]
[WhiteElo "1432"]
[BlackElo "1275"]
[Opening "Petrov's defense"]
[ECO "C42"]
[Time "13:05:31"]
[TimeControl "2700+45"]

1. e4 e5 2. Nf3 Nf6 3. Nxe5 Qe7 4. Nf3 Qxe4+ 5. Be2 Bc5 6. Nc3 Qe7 7. d4 Bb4 8.
O-O Bxc3 9. bxc3 d5 10. Bb5+ c6 11. Re1 Be6 12. Bd3 O-O 13. a4 Nbd7 14. Ne5 Qd8
15. Ba3 Re8 16. c4 Nxe5 17. dxe5 dxc4 18. exf6 cxd3 19. Be7 Qd4 20. Qxd3 Qxd3
21. cxd3 gxf6 22. Bxf6 Bf5 23. d4 Re6 24. Rxe6 fxe6 25. Re1 Kf7 26. Be5 Rg8 27.
a5 a6 28. Re3 Rd8 29. Rc3 Rd5 30. f3 Rxa5 31. g4 Bg6 32. h4 Ke7 33. h5 Be8 34.
Kf2 Rb5 35. Ke3 a5 36. Kd3 a4 37. Kc2 b6 38. Rc4 a3 39. Ra4 Rd5 40. Rxa3 c5 41.
Kc3 b5 42. Ra7+ Kf8 43. Rxh7 b4+ 44. Kd3 cxd4 45. Bxd4 e5 46. Ke4 Rxd4+ 47. Kxe5
Rd2 48. Rb7 Rb2 49. f4 Re2+ 50. Kf5 Re7 51. Rxb4 Bd7+ 52. Kg5 Rg7+ 53. Kf6 Rxg4
54. Rb8+ Be8 55. f5 Rg7 56. Rxe8+ Kxe8 57. Kxg7 Ke7 58. h6 Kd6 59. h7 {Black
resigns} 1-0

[Event "Team 45 45 League T37"]
[Site "Internet Chess Club"]
[Date "2008.05.31"]
[Round "6"]
[White "mal57"]
[Black "oldsj"]
[Result "1-0"]
[WhiteElo "1413"]
[BlackElo "1507"]
[Opening "King's pawn game"]
[ECO "C20"]
[Time "09:01:21"]
[TimeControl "2700+45"]

1. e4 e5 2. c4 Nf6 3. Nc3 Bb4 4. Nd5 Bc5 5. b4 Bd4 6. Rb1 Nxe4 7. Ne3 Qf6 8. Nf3
d6 9. Bd3 Bxe3 10. Bxe4 Bf4 11. d4 exd4 12. Bxf4 Qxf4 13. Qxd4 Qg4 14. O-O O-O
15. Qd3 h6 16. Nd4 Nd7 17. f4 Nf6 18. Bf5 Bxf5 19. Nxf5 Rae8 20. Rf3 Qg6 21. Rg3
Qh7 22. Rxg7+ Qxg7 23. Nxg7 Kxg7 24. Qg3+ Kh7 25. Qd3+ Kh8 26. Qc3 Re6 27. f5
Re5 28. c5 Rfe8 29. Qd2 Kg8 30. h3 Kh7 31. cxd6 Ne4 32. Qc2 Nxd6 33. f6+ Kg8 34.
Qxc7 R5e6 35. Rf1 Rc8 36. Qa5 a6 37. Qa3 Ne4 38. Qe3 Kh7 39. Qa7 Rc7 40. Qd4 Ng3
41. Qd3+ Ne4 42. Re1 Rxf6 43. Rxe4 Rc1+ 44. Kh2 Kg8 45. Qd8+ Kg7 46. Rg4+ Rg6
47. Qd4+ Kf8 48. Rxg6 fxg6 49. Qf4+ {Black resigns} 1-0

[Event "Team 45 45 League T37"]
[Site "Internet Chess Club"]
[Date "2008.05.31"]
[Round "6"]
[White "rubashov"]
[Black "sra66"]
[Result "0-1"]
[WhiteElo "1565"]
[BlackElo "1557"]
[Opening "Sicilian: O'Kelly variation"]
[ECO "B28"]
[Time "16:09:47"]
[TimeControl "2700+45"]

1. e4 c5 2. Nf3 a6 3. d4 cxd4 4. Nxd4 Nf6 5. Nc3 e5 6. Nf3 Bb4 7. Qd3 O-O 8. Bg5
d6 9. O-O-O h6 10. Bxf6 Qxf6 11. Nd5 Qe6 12. Nxb4 Rd8 13. Nd5 Ra7 14. Kb1 b5 15.
Qb3 Nc6 16. Nb6 Qxb3 17. axb3 Be6 18. Nd5 Rb7 19. Be2 f5 20. Nc3 fxe4 21. Nxe4
Rbd7 22. Rd2 Bf5 23. Nc3 d5 24. Nh4 Be6 25. Rhd1 g5 26. Nf3 g4 27. Ne1 e4 28. f3
gxf3 29. gxf3 e3 30. Rd3 Kf7 31. Rc1 d4 32. Ne4 Bf5 33. Rdd1 Bxe4 34. fxe4 Nb4
35. Nd3 Nxd3 36. cxd3 Ke7 37. Rc6 Rg8 38. Rxh6 Rg2 39. Rh7+ Ke6 40. Rxd7 Kxd7
41. Re1 Rxh2 42. Kc1 b4 43. Kd1 a5 44. Rg1 Ke6 45. Ke1 Ke7 46. Kf1 Rf2+ 47. Ke1
Rh2 48. Rg5 Rh1+ 49. Bf1 Rh2 50. Rxa5 Rxb2 51. Rd5 Rb1+ 52. Ke2 Rb2+ 53. Kf3
Rf2+ {White resigns} 0-1